 Dungeon Crawl Stone Soup version 0.31-a0-339-gda1cbd555d (webtiles) character file.

Game seed: 11046452006693903160

1689 jt the Trooper (level 9, -1/84 HPs)
             Began as a Naga Shapeshifter on July 20, 2023.
             Slain by a yak (10 damage)
             ... on level 6 of the Dungeon.
             The game lasted 00:09:00 (4490 turns).

jt the Trooper (Naga Shapeshifter)                  Turns: 4490, Time: 00:09:01

Health: -1/84      AC:  7    Str: 19    XL:     9   Next: 2%
Magic:  9/9        EV: 11    Int: 22    God:
Gold:   219        SH:  0    Dex: 12    Spells: 7/8 levels left

rFire   . . .        z - +8 mace of the Past {pain, rC+ rN+ Int+3}
rCold   + . .        (no shield)
rNeg    + . .        a - +0 animal skin
rPois   +            u - +0 helmet of Fun and Games {Rampage Fly Int+2 Slay+4}
rElec   .            m - +1 cloak
rCorr   .            (no gloves)
SInv    +            (no barding)
Will    +....        t - amulet of faith
Stlth   ++           l - +6 ring of intelligence
HPRegen 0.34/turn    (no ring)
MPRegen 0.11/turn

%: rampage, faith
@: on berserk cooldown, flying, slowed, very slow
A: AC +3, large, see invisible, deformed body, poison resistance, slowness 2,
spit poison 1, naga tail 1
a: Spit Poison


You were on level 6 of the Dungeon.
You visited 1 branch of the dungeon, and saw 6 of its levels.

You collected 219 gold pieces.

Inventory:

Hand Weapons
 f - a +2 whip of freezing
 s - a +0 sling
 y - a +0 war axe
 z - the +8 mace of the Past (weapon) {pain, rC+ rN+ Int+3}
   (You found it on level 3 of the Dungeon)

   Int:       It affects your intelligence (+3).
   rC:        It protects you from cold.
   rN:        It protects you from negative energy.
 D - a +0 trident
 F - a +0 shortbow
 I - the +7 Throatcutter {drain, coup de grace}
   (You found it on level 5 of the Dungeon)
 K - a +4 flail of draining
Missiles
 d - 47 stones
 G - 8 javelins
Armour
 a - a +0 animal skin (worn)
 m - a +1 cloak (worn)
 u - the +0 helmet of Fun and Games (worn) {Rampage Fly Int+2 Slay+4}
   (You found it on level 3 of the Dungeon)

   Int:       It affects your intelligence (+2).
   Slay:      It affects your accuracy & damage with ranged weapons and melee
   (+4).
   Fly:       It grants you flight.
   Rampage:   It bestows one free step when moving towards enemies.
 L - a +0 chain mail of poison resistance
Jewellery
 l - a +6 ring of intelligence (left hand)
 t - an amulet of faith (around neck)
 v - a ring of ice
Talismans
 c - a beast talisman
Wands
 k - a wand of polymorph (5)
 A - a wand of flame (18)
 B - a wand of mindburst (12)
 C - a wand of roots (14)
Scrolls
 e - a scroll of poison
 g - 2 scrolls of teleportation
 n - 2 scrolls of blinking {unknown}
 r - a scroll of enchant armour
 x - a scroll of vulnerability
 E - 2 scrolls of fear {unknown}
 J - a scroll of summoning {unknown}
 N - a scroll of noise {unknown}
Potions
 b - a potion of lignification
 i - 2 potions of heal wounds {unknown}
 j - a potion of haste {unknown}
 o - a potion of cancellation {unknown}
 p - 3 potions of attraction {unknown}
 q - 4 potions of curing
 w - 2 potions of brilliance {unknown}
 H - a potion of invisibility {unknown}
 M - a potion of might {unknown}


   Skills:
 + Level 6.3 Fighting
 + Level 5.3 Dodging
 - Level 4.0 Stealth
 - Level 4.0 Unarmed Combat
 + Level 5.3 Evocations
 - Level 3.0 Shapeshifting


You had 7 spell levels left.
You knew the following spells:

 Your Spells              Type           Power      Damage    Failure   Level
a - Apportation           Tloc           0%         N/A       17%         1

Your spell library contained the following spells:

 Spells                   Type           Power      Damage    Failure   Level
 Magic Dart               Conj           0%         1d3       17%         1
 Searing Ray              Conj           0%         2d4       26%         2
 Inner Flame              Hex/Fire       0%         N/A       45%         3
 Fulminant Prism          Conj/Hex       0%         3d5       86%         4
 Alistair's Intoxication  Tmut/Pois      0%         N/A       99%         5
 Yara's Violent Unravell  Hex/Tmut       0%         3d3       99%         5
 Enfeeble                 Hex            0%         N/A       100%        7


Dungeon Overview and Level Annotations

Branches:
Dungeon (6/15)
 Temple: D:4-7

Altars:
Elyvilon
Vehumet
The Shining One

Annotations:
D:5 3 runed translucent doors, BorgnjorsVileCrotch's ghost, novice OpSh


Innate Abilities, Weirdness & Mutations

Your serpentine skin is tough. (AC +3)
You have supernaturally acute eyesight. (SInv)
Armour fits poorly on your strangely shaped body.
Your system is resistant to poisons. (rPois)
You cover ground very slowly.
You can spit poison.
You have a snake-like lower body.


Message History

You kill the yak!
Your Fighting skill increases to level 6!
Your Evocations skill increases to level 5!
You sock the yak!
The yak is moderately wounded.
The yak barely misses you.
You thump the yak!
The yak is heavily wounded.
You are no longer berserk.
You are exhausted.
You feel yourself slow down. The yak gores you!
You are too injured to fight recklessly!
You are too injured to fight recklessly!
You sock the yak!
The yak is almost dead.
The yak gores you but does no damage. x2
You sock the yak!
You kill the yak!
The yak barely misses you.
You have reached level 9!
Your experience leads to an increase in your attributes!
Your base attributes are Str 19, Int 9, Dex 12.
Increase (S)trength, (I)ntelligence, or (D)exterity?
You feel clever. x2; Your skin feels tougher.
You hit the yak but do no damage. The yak gores you.
The yak closely misses you.
You thump the yak!
The yak is moderately wounded.
The yak barely misses you. The yak gores you but does no damage.
The yak gores you.
You hit the yak but do no damage.
The yak is moderately wounded.
The yak gores you!
* * * LOW HITPOINT WARNING * * *
The yak gores you!
* * * LOW HITPOINT WARNING * * *
You thump the yak!
The yak is heavily wounded.
The yak gores you!
You die...

..#.........###...#......##
........#.....#.8.##.##.##
#...^...##....#...##.####
##.......##...##.###.#
##.....#########'###.#
.##....###...##...##.#
......###<.8....8.'..#
.#.....###...##...####
##.....#########@##
...##....# #Y# .......###
... ##.....# #.8.# .###.###
#...# ### ## ##>## ..# ###
.## ##


You could see a yak.

Vanquished Creatures
  Pikel (D:5)
  4 yaks (D:6)
  A phantom (D:6)
  2 lemures (D:5)
  2 scorpions
  3 hounds
  A gnoll bouda (D:5)
  A sleepcap (D:5)
  An iguana (D:5)
  10 gnolls
  8 adders
  2 white imps
  2 ufetubi
  A worm (D:2)
  A dart slug (D:2)
  10 ball pythons
  6 endoplasms
  2 giant cockroaches
  11 hobgoblins
  3 quokkas
  5 bats
  7 frilled lizards
  5 goblins
  5 kobolds
  5 rats
99 creatures vanquished.

Notes
Turn   | Place    | Note
-------+----------+-------------------------------------------
     0 | D:1      | jt the Naga Shapeshifter began the quest for the Orb.
     0 | D:1      | Reached XP level 1. HP: 18/18 MP: 1/1
    96 | D:1      | Reached skill level 1 in Stealth
   195 | D:1      | Reached XP level 2. HP: 22/25 MP: 2/2
   960 | D:2      | Reached XP level 3. HP: 31/31 MP: 3/3
  1066 | D:2      | Learned a level 1 spell: Apportation
  1276 | D:2      | Reached XP level 4. HP: 39/39 MP: 4/4
  1762 | D:3      | Identified the +0 helmet of Fun and Games {Rampage Fly
                  | Int+2 Slay+4}
  1818 | D:3      | Reached skill level 2 in Fighting
  1866 | D:3      | Reached XP level 5. HP: 16/45 MP: 5/5
  2282 | D:3      | Identified the +8 mace of the Past {pain, rC+ rN+ Int+3}
  2626 | D:4      | Found a radiant altar of Vehumet.
  2755 | D:4      | Reached skill level 3 in Fighting
  2755 | D:4      | Reached XP level 6. HP: 39/56 MP: 6/6
  3191 | D:5      | Entered Level 5 of the Dungeon
  3207 | D:5      | Noticed Pikel
  3220 | D:5      | Reached skill level 1 in Evocations
  3222 | D:5      | Killed Pikel
  3223 | D:5      | Reached skill level 4 in Fighting
  3223 | D:5      | Reached XP level 7. HP: 24/66 MP: 7/7
  3394 | D:5      | Found a runed translucent gate.
  3395 | D:5      | Found a runed translucent gate.
  3398 | D:5      | Found a runed translucent gate.
  3399 | D:5      | Noticed BorgnjorsVileCrotch's ghost (novice OpSh)
  3401 | D:5      | Noticed a shadow
  3565 | D:5      | Reached XP level 8. HP: 42/73 MP: 8/8
  3729 | D:5      | Reached skill level 5 in Fighting
  3835 | D:5      | Found the +7 Throatcutter {drain, coup de grace}
  4201 | D:6      | Found a glowing golden altar of the Shining One.
  4202 | D:6      | Found a white marble altar of Elyvilon.
  4464 | D:6      | Noticed a yak
  4464 | D:6      | Noticed a yak
  4464 | D:6      | Noticed a yak
  4464 | D:6      | Noticed a yak
  4464 | D:6      | Noticed a yak
  4474 | D:6      | Killed a yak
  4478 | D:6      | Killed a yak
  4479 | D:6      | Reached skill level 5 in Dodging
  4482 | D:6      | Killed a yak
  4483 | D:6      | Reached skill level 6 in Fighting
  4483 | D:6      | Reached skill level 5 in Evocations
  4486 | D:6      | Killed a yak
  4487 | D:6      | Reached XP level 9. HP: 40/84 MP: 9/9
  4490 | D:6      | Slain by a yak

Illustrated notes

Levels and vault maps discovered:
D:1:      lemuel_arrival_tunnels, layout_loops_corners, grunt_decor_one_mirror
D:2:      cheibrodos_helix_gallery, layout_loops_ring, dk_noncrumbling_4
D:3:      layout_basic
D:4:      layout_basic, vehumet_altar_wand_db
D:5:      layout_gridville, gammafunk_ghost_split,
          chequers_serial_rivers_small_3, uniq_pikel
D:6:      layout_cave_pools, gammafunk_temple_overflow_statue,
          nicolae_ru_awakened_eye, grunt_ministairs_5

Skill      XL: |  1  2  3  4  5  6  7  8 |
---------------+-------------------------+-----
Stealth        | 2 4 |  4.0
Dodging        | 2 4 5 |  5.3
Fighting       | 2 3 4 6 |  6.3
Unarmed Combat | 4 |  4.0
Evocations     | 3 5 |  5.3
Shapeshifting  | |  3.0

Action                     |  1- 3 |  4- 6 |  7- 9 || total
---------------------------+-------+-------+-------++-------
  Melee: Unarmed           |    44 |    33 |       ||    77
         Punch             |     2 |       |     2 ||     4
         Mace              |       |    27 |    62 ||    89
         Long sword        |       |       |    23 ||    23
Ability: Spit Poison       |    27 |    24 |     4 ||    55
         Begin Untransform |     1 |     1 |       ||     2
  Evoke: Wand              |       |     3 |       ||     3
    Use: Potion            |       |     1 |     1 ||     2
         Scroll            |       |     4 |     1 ||     5
   Stab: Sleeping          |       |     4 |     2 ||     6
 Armour: Animal skin       |     8 |    13 |    19 ||    40
  Dodge: Dodged            |    21 |    36 |    42 ||    99
   Form: Beast             |       |     1 |       ||     1

Table legend: (Time is in decaauts)
 A = Elapsed time spent in this place.
 B = Non-inter-level travel time spent in this place.
 C = Inter-level travel time spent in this place.
 D = Time resting spent in this place.
 E = Time spent auto-exploring this place.
 F = Levels seen in this place.
 G = Mean time per level.
                   A        B        C        D        E       F      G
               +--------+--------+--------+--------+--------+-----+--------+
         Total |   5817 |   5526 |    291 |    619 |   3527 |   6 |  969.5 |
       Dungeon |   5817 |   5526 |    291 |    619 |   3527 |   6 |  969.5 |
               +--------+--------+--------+--------+--------+-----+--------+

Top non-repeatable levels by time:
     D:1: 1235 daAuts
     D:5: 1196 daAuts
     D:4: 1098 daAuts
     D:2: 991 daAuts
     D:3: 897 daAuts
     D:6: 397 daAuts
